Map: Capullo de rosa EE

Players

DocSadrik

  • Race: Terran Terran
  • League: Silver
  • Spawn Location: 11:00

linuxboy

  • Race: Protoss Protoss
  • Spawn Location: 11:00

XeberTh

  • Race: Zerg Zerg
  • Spawn Location: 11:00

TATORREA

  • Race: Protoss Protoss
  • League: Silver
  • Spawn Location: 5:00

MrFercho

  • Race: Zerg Zerg
  • League: Silver
  • Spawn Location: 5:00

tigro

  • Race: Terran Terran
  • League: Bronze
  • Spawn Location: 5:00

VOD

Have the link to the VOD?

Description

Time

  • Played on: June 7, 2020, 4:26 p.m.
  • Length: 21:29
Show
View Real Time Build Order
Export as new Build Order

DocSadrik Terran 

Build Orders:  

Get SALT Encoding   

  12  0:16  Supply Depot  
  12  0:21  SCV  
  12  0:22  Refinery  
  13  0:44  Barracks  
  13  1:27  SCV  
  14  1:39  SCV  
  15  1:48  Supply Depot  
  15  1:51  SCV  
  16  2:03  Marine, SCV  
  18  2:11  Engineering Bay  
  18  2:16  SCV  
  18  2:20  Marine  
  20  2:38  Marine  
  21  2:47  SCV  
  22  2:52  Factory  
  22  2:56  Marine  
  23  2:59  SCV  
  24  3:08  Command Center  
  24  3:10  Refinery  
  24  3:11  SCV  
  25  3:14  Marine  
  26  3:23  SCV  
  27  3:32  Marine  
  28  3:35  SCV  
  28  3:40  Factory Tech Lab  
  29  3:47  SCV  
  30  3:50  Marine  
  31  4:01  Starport  
  31  4:19  Marine  
  31  4:23  Siege Tank  
  35  4:24  Supply Depot  
  35  4:26  Orbital Command  
  35  4:37  Marine  
  35  4:38  Starport Tech Lab  
  36  4:47  Supply Depot  
  36  4:55  Siege Tank  
  36  4:56  Refinery  
  36  4:59  SCV  
  40  5:11  SCV  
  41  5:14  Refinery  
  41  5:23  SCV  
  42  5:35  SCV  
  43  5:47  SCV  
  44  5:59  SCV  
  45  6:11  SCV  
  46  6:23  SCV  
  42  6:40  Fusion Core  
  42  6:49  Armory  
  42  6:51  Armory  
  42  7:24  SCV  
  42  7:29  Orbital Command  
  43  7:32  Starport, Battlecruiser  
  43  7:36  SCV  
  50  7:40  Thor  
  50  7:43  Weapon Refit  
  56  7:46  Terran Vehicle And Ship Armor Level 1  
  56  7:47  Terran Ship Weapons Level 1  
  56  7:48  SCV  
  57  8:00  SCV  
  58  8:12  SCV  
  59  8:39  Starport Tech Lab  
  53  9:53  Battlecruiser  
  53  9:57  Terran Vehicle And Ship Armor Level 2  
  53  9:59  Terran Ship Weapons Level 2  
  59  10:05  Supply Depot  
  59  10:26  Battlecruiser  
  59  10:27  Supply Depot  
  65  10:32  Supply Depot  
  65  10:51  Supply Depot  
  65  10:54  Supply Depot  
  65  10:57  Battlecruiser  
  71  11:17  Supply Depot  
  71  11:30  Battlecruiser  
  77  11:39  Supply Depot  
  77  11:49  Command Center  
  77  12:01  Battlecruiser  
  77  12:02  Supply Depot  
  83  12:15  Terran Vehicle And Ship Armor Level 3  
  83  12:16  Terran Ship Weapons Level 3  
  83  12:35  Battlecruiser, Neosteel Armor  
  89  13:06  Battlecruiser  
  64  14:15  Hi-Sec Auto Tracking  
  64  14:21  Battlecruiser x2  
  76  14:37  Refinery  
  76  15:13  Planetary Fortress  
  76  15:25  Battlecruiser x2  
  81  18:07  Battlecruiser x2  
  93  19:11  Battlecruiser x2  
  105  20:15  Battlecruiser x2  
Show
View Real Time Build Order
Export as new Build Order

linuxboy Protoss 

Build Orders:  

Get SALT Encoding   

  12  0:03  Probe  
  13  0:19  Pylon  
  13  0:26  Probe  
  14  0:38  Probe  
  15  0:49  Gateway  
  15  0:50  Probe  
  16  1:02  Probe  
  17  1:17  Probe  
  18  1:21  Gateway  
  18  1:24  Gateway  
  18  1:31  Assimilator  
  18  1:34  Pylon  
  18  1:37  Zealot  
  20  1:56  Probe  
  20  1:57  Pylon  
  21  2:08  Probe  
  21  2:12  Zealot  
  24  2:16  Cybernetics Core  
  24  2:20  Probe  
  25  2:23  Forge  
  25  2:31  Assimilator  
  25  2:35  Probe  
  26  2:48  Probe  
  27  3:00  Probe  
  28  3:09  Nexus  
  28  3:14  Stalker  
  30  3:25  Twilight Council, Warp Gate (Chrono Boost)  
  30  3:35  Pylon  
  30  3:50  Photon Cannon  
  30  3:58  Probe  
  31  4:11  Probe  
  32  4:19  Charge (Chrono Boost)  
  32  4:23  Probe  
  33  4:24  Probe  
  34  4:35  Probe  
  34  4:36  Probe  
  36  4:43  Dark Shrine  
  36  4:47  Probe  
  36  4:48  Probe  
  38  5:00  Probe x2  
  40  5:10  Assimilator  
  40  5:12  Probe  
  40  5:13  Probe  
  42  5:14  Assimilator  
  42  5:16  Zealot x3  
  48  5:22  Pylon  
  48  5:25  Probe  
  48  5:28  Probe  
  50  5:40  Probe  
  51  5:44  Nexus  
  51  5:48  Pylon  
  51  5:52  Probe  
  51  5:55  Dark Templar x2  
  51  5:56  Dark Templar  
  50  6:35  Photon Cannon  
  50  6:37  Photon Cannon  
  50  6:42  Pylon  
  50  6:45  Photon Cannon  
  50  6:47  Photon Cannon  
  50  6:48  Probe  
  50  6:51  Probe  
  52  7:00  Probe  
  53  7:03  Pylon, Probe  
  53  7:06  Protoss Ground Weapons Level 1  
  54  7:10  Gateway x2  
  54  7:12  Probe  
  54  7:15  Forge, Probe  
  56  7:17  Photon Cannon  
  56  7:19  Photon Cannon  
  56  7:20  Stalker x3  
  62  7:23  Photon Cannon  
  62  7:34  Gateway  
  62  7:46  Robotics Facility  
  62  7:48  Robotics Facility  
  62  7:50  Robotics Facility  
  62  7:53  Robotics Facility  
  62  7:57  Gateway  
  62  8:05  Zealot x3  
  68  8:07  Pylon  
  68  8:10  Pylon  
  68  8:26  Assimilator  
  68  8:30  Assimilator  
  68  8:35  Photon Cannon  
  68  8:37  Photon Cannon  
  68  9:09  Immortal  
  72  9:21  Robotics Bay  
  72  9:42  Stalker  
  72  9:43  Stalker x5  
  72  9:44  Stalker  
  86  9:47  Immortal  
  86  9:48  Immortal  
  86  9:50  Observer  
  95  9:56  Protoss Ground Armor Level 1  
  95  9:57  Protoss Shields Level 1  
  95  10:09  Gateway x2  
  95  10:12  Gateway  
  95  10:17  Gateway x2  
  95  10:22  Pylon  
  95  10:34  Extended Thermal Lance (Chrono Boost)  
  95  10:39  Colossus  
  95  10:41  Colossus  
  107  10:43  Colossus  
  113  10:59  Nexus  
  113  11:16  Colossus  
  119  11:23  Pylon  
  119  11:25  Pylon  
  119  11:45  Immortal  
  123  11:53  Photon Cannon  
  123  11:55  Photon Cannon  
  123  11:58  Photon Cannon  
  123  11:59  Dark Templar x4  
  123  12:00  Photon Cannon  
  131  12:18  Pylon, Dark Templar x4  
  139  12:38  Photon Cannon  
  139  12:39  Stalker x2  
  139  12:40  Photon Cannon  
  131  13:12  Protoss Ground Weapons Level 2  
  127  13:13  Protoss Ground Armor Level 2  
  121  13:28  Stalker x4  
  121  13:29  Stalker x2  
  121  13:30  Zealot  
  121  13:31  Zealot  
  133  14:20  Immortal  
  137  14:26  Pylon  
  137  14:30  Pylon  
  137  14:34  Pylon  
  137  14:39  Pylon  
  137  14:41  Stalker  
  137  14:42  Stalker, Nexus  
  137  14:43  Stalker x3  
  137  14:44  Stalker x3  
  141  14:57  Colossus  
  141  14:58  Colossus  
  153  15:15  Photon Cannon  
  153  15:18  Photon Cannon  
  153  15:20  Photon Cannon  
  153  15:26  Photon Cannon  
  153  15:33  Photon Cannon  
  153  15:39  Stalker x3  
  153  15:40  Stalker x2  
  163  15:50  Colossus  
  169  16:10  Stalker x3  
  169  16:11  Stalker x2  
  162  16:26  Stalker x3  
  162  16:27  Stalker  
  155  17:28  Colossus  
  161  17:31  Immortal  
  161  17:33  Protoss Shields Level 2  
  161  17:35  Protoss Ground Weapons Level 3  
  165  17:47  Probe  
  160  18:33  Nexus  
  156  18:37  Pylon  
  131  20:13  Pylon  
  131  20:16  Photon Cannon  
  131  20:18  Photon Cannon  
  131  20:21  Photon Cannon  
  131  20:24  Pylon  
Show
View Real Time Build Order
Export as new Build Order

XeberTh Zerg 

Build Orders: Pool First, Lurkers 

Get SALT Encoding   

  12  0:04  Drone  
  13  0:13  Overlord  
  14  0:21  Drone  
  14  0:32  Drone  
  14  0:33  Drone  
  16  0:42  Drone  
  17  0:47  Extractor  
  16  1:06  Drone x2  
  18  1:11  Spawning Pool  
  18  1:14  Drone  
  18  1:41  Hatchery  
  17  2:04  Drone  
  18  2:12  Queen  
  18  2:13  Drone x2  
  18  2:14  Roach Warren  
  21  2:25  Zergling x2  
  21  2:27  Metabolic Boost  
  22  2:38  Overlord  
  22  2:45  Extractor  
  21  2:57  Queen  
  24  2:58  Drone  
  24  3:11  Roach x3  
  30  3:24  Drone x2  
  32  3:31  Drone  
  33  3:51  Drone x3  
  36  3:56  Overlord x2  
  36  4:06  Lair  
  36  4:19  Spine Crawler  
  36  4:20  Spine Crawler x2  
  36  4:21  Drone x2  
  36  4:22  Queen  
  37  4:25  Drone x2  
  37  4:27  Drone  
  37  4:30  Drone  
  41  4:33  Drone  
  41  4:35  Drone  
  43  4:43  Evolution Chamber  
  42  4:48  Spore Crawler  
  41  4:53  Zergling x4, Drone  
  41  4:57  Drone  
  45  5:11  Drone x3  
  48  5:27  Roach x2  
  52  5:30  Overlord x3  
  52  5:40  Hydralisk Den  
  51  5:43  Zerg Missile Weapons Level 1  
  50  5:57  Queen  
  47  6:33  Queen  
  47  6:38  Roach x3  
  47  6:39  Zergling x8, Roach x2  
  64  6:40  Zergling x8, Roach  
  64  6:41  Roach x2  
  73  7:03  Drone x4, Spine Crawler  
  76  7:13  Burrow  
  76  7:21  Lurker Den  
  75  7:30  Drone  
  75  7:33  Overlord  
  75  7:34  Overlord x2  
  76  7:42  Hatchery  
  75  7:59  Drone x3  
  75  8:00  Drone x2  
  75  8:01  Extractor  
  75  8:02  Extractor  
  78  8:09  Spore Crawler  
  78  8:12  Hydralisk x5  
  79  8:13  Hydralisk x3  
  93  8:26  Spire  
  92  8:27  Drone x3  
  92  8:33  Zerg Missile Weapons Level 2  
  95  8:46  Drone x2  
  95  8:47  Drone x2  
  99  8:57  Lurker x2  
  101  9:05  Queen  
  101  9:06  Drone x2  
  93  9:47  Hydralisk x5  
  93  9:49  Roach  
  105  9:54  Overlord x3  
  105  10:07  Overlord x3  
  105  10:12  Queen  
  107  10:22  Drone x2  
  109  10:38  Spine Crawler  
  108  10:47  Lurker x2  
  108  10:48  Queen  
  112  11:06  Zerg Ground Armor Level 1, Infestation Pit  
  112  11:10  Pneumatized Carapace  
  111  11:16  Hydralisk x4  
  111  11:17  Hydralisk x5  
  129  11:19  Zergling x16  
  129  11:20  Zergling x16  
  145  11:30  Drone  
  146  12:02  Overlord x6  
  108  13:12  Hydralisk x9  
  104  13:13  Hydralisk x7  
  104  13:14  Hydralisk x6  
  69  14:09  Corruptor  
  65  14:10  Corruptor x8  
  65  14:11  Corruptor  
  85  14:32  Hatchery  
  82  15:35  Hatchery  
  81  15:41  Spine Crawler  
  80  15:46  Spine Crawler  
  80  15:48  Corruptor x6  
  80  15:49  Corruptor  
  93  15:57  Drone x2  
  93  17:12  Drone x4  
  93  17:13  Drone  
  96  17:18  Queen  
  96  17:19  Drone x3  
  101  18:04  Drone x3  
  104  18:12  Extractor  
  103  18:16  Extractor  
  102  18:23  Corruptor x6  
  102  18:24  Corruptor x8  
  130  18:45  Drone x3  
  130  18:47  Drone x3  
  134  18:50  Drone x6  
  140  20:26  Extractor  
  140  20:27  Extractor  
  138  20:29  Spore Crawler  
  138  20:31  Spine Crawler  
Show
View Real Time Build Order
Export as new Build Order

TATORREA Protoss 

Build Orders:  

Get SALT Encoding   

  12  0:03  Probe  
  13  0:31  Pylon  
  13  0:39  Probe  
  14  0:51  Probe  
  15  1:04  Gateway  
  15  1:06  Gateway  
  15  1:08  Gateway  
  15  1:20  Probe  
  16  1:30  Assimilator  
  16  1:32  Probe  
  17  1:44  Probe  
  17  2:01  Zealot x2 (Chrono Boost)  
  23  2:09  Zealot (Chrono Boost)  
  23  2:37  Cybernetics Core  
  23  2:39  Pylon  
  23  2:44  Pylon  
  23  2:57  Probe  
  24  3:10  Probe  
  25  3:22  Probe  
  25  3:23  Warp Gate (Chrono Boost), Nexus  
  25  3:24  Assimilator  
  25  3:26  Pylon  
  26  3:29  Pylon  
  26  3:41  Probe  
  25  3:53  Probe  
  26  3:57  Stalker  
  26  3:58  Stalker  
  30  4:06  Stalker  
  32  4:13  Probe  
  33  4:25  Probe  
  34  4:37  Probe  
  35  4:38  Probe  
  36  4:48  Forge  
  36  4:49  Twilight Council  
  36  4:51  Robotics Facility  
  36  4:53  Probe x2  
  38  5:05  Probe  
  38  5:06  Stalker  
  41  5:13  Stalker  
  43  5:19  Stalker  
  45  5:25  Probe x2  
  47  5:38  Probe  
  47  5:39  Probe  
  47  5:50  Probe  
  47  5:51  Probe  
  41  6:11  Protoss Ground Weapons Level 1  
  35  6:21  Blink (Chrono Boost)  
  35  6:25  Stalker x2  
  37  6:26  Stalker  
  37  6:27  Immortal (Chrono Boost)  
  45  6:42  Probe x2  
  47  6:48  Assimilator  
  47  6:50  Assimilator  
  47  6:53  Stargate  
  48  6:54  Probe  
  48  7:00  Probe  
  49  7:04  Stalker, Nexus  
  49  7:05  Stalker  
  49  7:06  Stalker, Probe  
  56  7:15  Probe  
  57  7:25  Probe  
  58  7:32  Probe  
  58  7:35  Immortal  
  63  7:37  Void Ray  
  67  7:45  Probe x2  
  69  8:02  Pylon  
  69  8:05  Pylon  
  69  8:08  Probe, Protoss Ground Weapons Level 2 (Chrono Boost)  
  69  8:09  Pylon  
  70  8:13  Pylon  
  70  8:15  Immortal, Probe  
  70  8:17  Pylon  
  70  8:18  Probe  
  72  8:26  Charge (Chrono Boost), Zealot  
  78  8:27  Zealot x2  
  82  8:39  Probe  
  82  8:40  Probe x2  
  85  8:46  Void Ray  
  85  8:53  Probe x2  
  85  8:54  Probe  
  92  9:03  Assimilator  
  92  9:05  Probe x2  
  92  9:06  Probe  
  92  9:07  Assimilator  
  95  9:17  Probe  
  95  9:18  Probe  
  97  9:37  Void Ray  
  97  9:43  Observer  
  97  9:51  Stalker x2  
  97  9:52  Stalker  
  108  9:57  Immortal  
  112  10:12  Robotics Bay  
  112  10:14  Fleet Beacon  
  112  10:17  Gateway  
  112  10:18  Gateway  
  112  10:21  Gateway  
  112  10:23  Gateway  
  112  10:25  Gateway  
  112  10:27  Gateway  
  112  10:30  Gateway  
  112  10:33  Gateway  
  112  10:36  Probe x3  
  115  10:56  Extended Thermal Lance  
  115  10:58  Protoss Ground Weapons Level 3 (Chrono Boost), Probe x3, Unknown  
  118  11:04  Colossus  
  118  11:10  Probe  
  125  11:12  Nexus  
  125  11:20  Stargate  
  125  11:22  Stargate  
  125  11:24  Stargate  
  125  11:48  Pylon  
  125  11:52  Pylon  
  125  11:55  Pylon  
  125  11:59  Pylon  
  125  12:02  Pylon  
  125  12:06  Void Ray, Pylon  
  129  12:09  Pylon, Colossus  
  129  12:10  Carrier  
  129  12:13  Carrier  
  129  12:15  Pylon  
  147  12:17  Tempest  
  147  12:19  Pylon  
  147  12:21  Zealot x2  
  147  12:22  Zealot x3  
  160  12:23  Zealot  
  160  12:24  Zealot  
  160  12:27  Zealot  
  160  12:29  Zealot  
  120  13:01  Zealot x3  
  120  13:02  Zealot x5  
  120  13:03  Zealot x3  
  110  13:45  Stalker x3  
  110  13:46  Stalker x4  
  110  13:47  Stalker x3  
  110  13:48  Stalker  
  130  13:53  Protoss Ground Armor Level 1  
  124  13:57  Carrier x2  
  124  13:59  Tempest  
  122  14:04  Tempest  
  122  14:05  Protoss Air Weapons Level 1  
  123  14:19  Zealot  
  123  14:20  Zealot x3  
  123  14:21  Zealot x2  
  123  14:22  Zealot x2  
  139  14:25  Zealot  
  88  14:55  Tempest x2  
  88  14:59  Zealot x3  
  104  15:00  Zealot x4  
  104  15:01  Zealot x2  
  104  15:03  Zealot  
  118  15:20  Assimilator  
  118  15:27  Assimilator  
  116  16:01  Protoss Shields Level 1  
  48  17:09  Stalker  
  48  17:10  Stalker x2  
  48  17:11  Stalker x4  
  48  17:12  Stalker x2  
  48  17:13  Stalker x2  
  70  17:16  Phoenix  
  70  17:17  Phoenix x2  
  70  17:18  Phoenix  
  74  17:36  Stalker  
  74  17:37  Stalker x3  
  76  17:38  Stalker x2  
  76  17:41  Stalker  
  76  17:51  Phoenix  
  76  17:52  Phoenix x3  
  84  18:09  Pylon  
  84  18:13  Pylon  
  84  18:16  Pylon, Phoenix  
  84  18:17  Phoenix x2  
  90  18:20  Pylon  
  90  18:28  Probe  
  91  18:41  Probe  
  98  18:43  Zealot x2  
  98  18:44  Zealot x3  
  98  18:45  Zealot x2  
  98  18:46  Zealot  
  44  19:12  Zealot  
  44  19:13  Zealot x4  
  44  19:14  Zealot x2  
  44  19:15  Zealot  
  44  19:16  Zealot x2  
Show
View Real Time Build Order
Export as new Build Order

MrFercho Zerg 

Build Orders: Pool First, Roach Hydra 

Get SALT Encoding   

  12  0:02  Drone  
  13  0:14  Overlord  
  13  0:19  Drone  
  14  0:37  Drone x2  
  16  0:48  Spawning Pool  
  15  0:55  Drone  
  15  0:56  Drone  
  17  1:12  Drone  
  18  1:32  Drone x3  
  21  1:34  Hatchery  
  21  1:37  Extractor  
  19  1:43  Overlord  
  19  2:08  Queen  
  21  2:23  Roach Warren  
  21  2:27  Extractor, Drone x3  
  22  2:39  Hatchery  
  21  2:50  Queen  
  23  2:56  Drone x2  
  25  3:01  Metabolic Boost  
  25  3:10  Drone  
  25  3:12  Drone x3  
  29  3:13  Drone  
  30  3:23  Drone  
  30  3:24  Drone  
  30  3:26  Drone x2  
  34  3:44  Lair  
  34  3:55  Drone  
  35  3:57  Zergling x2  
  35  3:58  Zergling x4  
  35  3:59  Roach x2  
  42  4:09  Evolution Chamber  
  41  4:16  Drone  
  42  4:18  Overlord x3  
  42  4:37  Extractor  
  41  4:39  Zerg Ground Armor Level 1  
  41  4:41  Roach  
  41  4:42  Roach  
  41  4:43  Zergling x6, Roach  
  41  4:44  Zergling x4  
  52  4:57  Drone x2  
  52  4:58  Drone x2  
  56  5:13  Zergling x6, Roach  
  56  5:14  Roach x2  
  65  5:20  Glial Reconstitution  
  47  6:30  Zergling x8  
  47  6:32  Zergling x2, Roach x4  
  60  6:33  Zergling x4  
  62  6:42  Hydralisk Den, Zerg Missile Weapons Level 1  
  62  6:45  Tunneling Claws  
  61  6:57  Drone  
  61  6:58  Drone x2, Infestation Pit  
  63  7:22  Grooved Spines  
  63  7:32  Hatchery  
  63  7:33  Hatchery, Spine Crawler  
  63  7:36  Hydralisk  
  62  7:37  Hydralisk x2  
  62  7:40  Overlord  
  62  7:41  Overlord x3  
  66  7:49  Extractor  
  65  8:01  Zergling x2  
  65  8:02  Zergling x18  
  75  8:19  Drone x2  
  77  8:22  Drone x3  
  80  8:33  Muscular Augments  
  80  8:46  Queen  
  42  9:42  Overseer x3  
  42  9:44  Hydralisk  
  42  9:45  Hydralisk x16  
  76  9:59  Hive  
  76  10:20  Drone  
  76  10:21  Hatchery, Drone  
  78  10:26  Extractor  
  76  10:33  Extractor  
  75  10:41  Lurker Den  
  74  10:47  Spire  
  73  11:01  Drone x2  
  73  11:02  Drone  
  76  11:14  Drone x4  
  76  11:15  Drone x4  
  76  11:17  Overlord  
  84  11:56  Hydralisk x10  
  104  12:05  Queen  
  104  12:07  Drone x2  
  104  12:08  Drone  
  109  12:16  Zerg Missile Weapons Level 2  
  109  12:27  Burrow, Pneumatized Carapace  
  97  13:19  Hydralisk x4  
  87  13:20  Hydralisk x4, Mutalisk x3  
  103  13:39  Overlord  
  103  13:40  Overlord x4  
  103  13:41  Overlord  
  77  14:20  Hydralisk x13  
  77  14:21  Hydralisk x2  
  107  14:26  Queen  
  107  14:31  Zerg Ground Armor Level 2  
  107  14:46  Drone x2  
  107  14:47  Drone  
  110  15:05  Overseer  
  110  15:11  Hydralisk x10  
  130  15:20  Adaptive Talons  
  128  16:34  Hatchery  
  128  16:37  Hatchery  
  126  16:40  Extractor  
  126  16:43  Lurker x2  
  126  16:44  Lurker x5  
  126  16:45  Lurker x3  
  135  16:55  Overseer  
  135  16:57  Extractor, Overseer  
  135  16:59  Extractor  
  128  18:20  Drone x3  
  92  18:44  Hydralisk x12  
  92  18:45  Hydralisk x7  
  59  19:43  Mutalisk x3  
  59  19:44  Mutalisk x12  
  89  20:05  Overseer  
  57  20:28  Corruptor  
  57  20:29  Corruptor x9  
  77  20:46  Spore Crawler  
  77  20:48  Spore Crawler  
  77  20:49  Spore Crawler  
Show
View Real Time Build Order
Export as new Build Order

tigro Terran 

Build Orders:  

Get SALT Encoding   

  12  0:03  SCV  
  13  0:15  SCV  
  14  0:22  Supply Depot  
  14  0:28  SCV  
  15  0:37  Refinery  
  15  0:44  SCV  
  16  0:58  Barracks  
  16  1:02  SCV  
  17  1:14  SCV, Refinery  
  18  1:26  SCV  
  18  1:28  Supply Depot  
  19  1:38  SCV  
  20  1:48  Marine  
  20  1:50  SCV  
  22  2:02  SCV  
  22  2:06  Marine  
  24  2:09  Barracks  
  24  2:24  Marine  
  24  2:27  SCV  
  26  2:39  SCV  
  26  2:41  Marine  
  26  2:43  Engineering Bay  
  28  2:56  Orbital Command  
  28  2:59  Barracks Tech Lab, Marine  
  29  3:20  Factory  
  29  3:27  Barracks Tech Lab  
  29  3:29  Combat Shield  
  29  3:31  Marine  
  30  3:49  Marine  
  31  4:06  Stimpack  
  31  4:07  Marine  
  32  4:10  Command Center  
  32  4:11  Factory Tech Lab  
  32  4:23  Starport  
  32  4:25  Marine  
  33  4:34  Siege Tank  
  36  4:43  Marine  
  37  4:48  Concussive Shells  
  37  4:58  Terran Infantry Weapons Level 1  
  37  5:00  Armory  
  37  5:14  Siege Tank  
  37  5:17  Medivac  
  42  5:24  Refinery  
  42  5:47  SCV  
  43  5:50  Fusion Core  
  43  5:59  SCV  
  44  6:11  SCV  
  43  6:23  SCV  
  33  6:35  SCV  
  33  6:37  Marine  
  33  6:38  Marine  
  36  6:42  Siege Tank  
  36  6:43  Starport Tech Lab  
  36  6:46  Weapon Refit  
  39  6:53  Terran Infantry Armor Level 1  
  39  6:55  Marine  
  39  6:56  Marine  
  41  7:13  Marine x2, Refinery  
  43  7:31  Marine x2  
  43  7:32  SCV  
  46  7:44  SCV  
  47  7:49  Marine x2  
  49  7:56  SCV  
  50  8:06  Marine  
  50  8:07  Marine  
  50  8:08  SCV  
  50  8:12  Battlecruiser  
  59  8:20  SCV  
  59  8:24  Marine  
  59  8:25  Marine  
  59  8:26  Rapid Reignition System  
  62  8:47  Hi-Sec Auto Tracking  
  62  8:53  Supply Depot  
  62  9:15  Thor, Marine x2  
  70  9:17  Supply Depot  
  65  9:32  Marine x2  
  62  9:44  Neosteel Armor  
  58  9:50  Marine x2  
  60  9:57  Thor  
  66  10:07  Hyperflight Rotors  
  66  10:08  Marine x2  
  66  10:10  Medivac  
  70  10:26  Marine x2  
  72  10:40  Battlecruiser  
  78  10:44  Marine x2  
  80  10:58  Terran Vehicle And Ship Armor Level 1  
  80  11:02  Marine x2  
  82  11:19  Marine  
  82  11:20  Thor  
  82  11:23  Terran Infantry Weapons Level 2  
  89  11:56  Missile Turret  
  89  12:05  Supply Depot  
  89  12:07  Cloaking Field  
  89  12:13  Planetary Fortress  
  89  12:18  Missile Turret  
  89  12:21  Marine x2  
  91  12:27  Battlecruiser  
  91  12:29  Supply Depot  
  97  12:39  Marine x2  
  99  12:47  Missile Turret  
  99  12:52  Terran Vehicle Weapons Level 1  
  99  12:56  Marine  
  99  12:57  Marine  
  92  13:13  Missile Turret  
  92  13:14  Marine x2  
  84  13:26  Corvid Reactor  
  84  13:31  Battlecruiser  
  84  13:32  Marine x2  
  92  13:39  Terran Infantry Armor Level 2  
  90  13:50  Marine x2  
  84  14:08  Marine x2  
  60  14:32  Marine x2  
  60  14:35  Medivac  
  64  14:38  Thor  
  70  14:49  Marine x2  
  72  14:54  Command Center  
  72  15:06  Battlecruiser  
  78  15:07  Marine x2  
  80  15:21  Thor, Refinery  
  80  15:25  Marine x2  
  79  15:43  Marine x2  
  62  16:10  Battlecruiser  
  68  16:44  Missile Turret  
  68  17:05  Missile Turret  
  68  17:14  Battlecruiser  
  68  17:24  Refinery  
  68  17:28  Missile Turret  
  62  17:51  Missile Turret  
  62  18:10  Planetary Fortress  
  62  18:14  Missile Turret  
  62  18:18  Battlecruiser  
  68  19:07  Marine  
  68  19:08  Marine  
  58  19:23  Battlecruiser  
  52  19:25  Marine x2  
  50  19:43  Marine x2  
  45  19:54  Thor  
  49  20:01  Marine x2  
  49  20:19  Marine x2  
  49  20:37  Marine x2  
  35  21:19  Engineering Bay  
Tags
 
Add a new tag
Caveats
  • Supply blocks, unpowered buildings, or Contaminate may cause inaccurate times.
  • Supply counts are checked every 10 seconds.